 Dungeon Crawl Stone Soup version 0.28-a0-612-gcfc00ec14d (webtiles) character file.

Game seed: 2470722764132700280

542 jasper the Gusty (level 7, -2/46 HPs)
             Began as a Demonspawn Air Elementalist on Oct 5, 2021.
             Slain by a gnoll sergeant (10 damage)
             ... on level 4 of the Dungeon.
             The game lasted 00:09:44 (5311 turns).

jasper the Gusty (Demonspawn Air Elementalist)      Turns: 5311, Time: 00:09:44

Health: -2/46      AC:  4    Str:  8    XL:     7   Next: 6%
Magic:  0/10       EV: 12    Int: 18    God:
Gold:   254        SH:  0    Dex: 14    Spells: 2/10 levels left

rFire   . . .      SeeInvis .   j - +1 dagger (venom)
rCold   . . .      Faith    .   (no shield)
rNeg    . . .      Spirit   +   a - +0 robe
rPois   .          Reflect  .   (no helmet)
rElec   .          Harm     .   (no cloak)
rCorr   .          Rampage  .   (no gloves)
Will    .....                   (no boots)
Stlth   ++........              (no amulet)
HPRegen 0.15/turn               (no ring)
MPRegen 0.24/turn               (no ring)

@: no status effects
A: thin metallic scales 1, magic shield, magic regeneration
a: no special abilities


You were on level 4 of the Dungeon.
You visited 1 branch of the dungeon, and saw 4 of its levels.

You collected 254 gold pieces.

Inventory:

Hand Weapons
 c - a +0 club
 e - a +2 mace of draining
 g - a +0 short sword
 j - a +1 dagger of venom (weapon)
Missiles
 d - 33 poisoned darts
 h - 127 stones
 t - 2 atropa-tipped darts
Armour
 a - a +0 robe (worn)
 b - a +0 leather armour
Jewellery
 p - a ring of magical power
Wands
 o - a wand of polymorph (11)
Scrolls
 f - a scroll of amnesia
 i - 2 scrolls of identify
 n - a scroll of blinking
 r - a scroll of vulnerability
 u - a scroll of teleportation
 v - a scroll of enchant weapon
Potions
 k - a potion of haste
 l - 2 potions of heal wounds
 m - 2 potions of curing {unknown}
 q - 2 potions of mutation {unknown}
 s - 2 potions of flight {unknown}
 w - a potion of might {unknown}


   Skills:
 - Level 1.7 Dodging
 - Level 1.7 Stealth
 - Level 2.0 Spellcasting
 + Level 5.2 Conjurations
 + Level 5.5 Air Magic


You had 2 spell levels left.
You knew the following spells:

 Your Spells              Type           Power      Damage    Failure   Level
a - Shock                 Conj/Air       84%        1d8       1%          1
b - Static Discharge      Conj/Air       21%        N/A       3%          2
c - Swiftness             Air            21%        N/A       5%          3
d - Animate Skeleton      Necr           2%         N/A       19%         1
e - Apportation           Tloc           2%         N/A       19%         1

Your spell library contained the following spells:

 Spells                   Type           Power      Damage    Failure   Level
 Summon Small Mammal      Summ           4%         N/A       19%         1
 Airstrike                Air            10%        N/A       19%         4
 Gell's Gravitas          Tloc           0%         N/A       47%         3
 Lesser Beckoning         Tloc           1%         N/A       47%         3
 Teleport Other           Tloc           1%         N/A       47%         3
 Chain Lightning          Conj/Air       10%        3d14      100%        9
 Fire Storm               Conj/Fire      5%         8d2       100%        9
 Shatter                  Erth           0%         3d5*      100%        9


Dungeon Overview and Level Annotations

Branches:
Dungeon (4/15)
 Temple: D:4-7

Altars:

Shops:
D:1 (


Innate Abilities, Weirdness & Mutations

You are partially covered in thin metallic scales. (AC +2)
When hurt, damage is shared between your health and your magic reserves.
You regenerate magic rapidly.


Message History

The gnoll sergeant is struck by an arc of lightning.
The gnoll sergeant is moderately wounded.
You are struck by an arc of lightning.
The gnoll sergeant is struck by an arc of lightning.
The gnoll sergeant is heavily wounded.
The lightning grounds out.
The gnoll sergeant hits you with a +0 spear!
You take 11 damage, and have 33/46 hp.
MASSIVE DAMAGE!!
You now have 4/10 mp.
Casting: Static Discharge (safe; 3% risk of failure)
Confirm with . or Enter, or press ? or * to list all spells.
The gnoll sergeant is struck by an arc of lightning.
The gnoll sergeant is heavily wounded.
You are struck by an arc of lightning.
The lightning grounds out.
The gnoll sergeant hits you with a +0 spear.
You take 3 damage, and have 30/46 hp.
You now have 1/10 mp.
Casting: Static Discharge (safe; 3% risk of failure)
Confirm with . or Enter, or press ? or * to list all spells.
You don't have enough magic to cast this spell.
Unknown command.
Aiming: Shock (safe; 1% risk of failure)
Press: ? - help, Q - select action, (/) - cycle Shift-Dir - straight line, f - gnoll sergeant
Aim: a gnoll sergeant, wielding a +0 spear, wearing a +0 scale mail and wearing a +0 buckler (heavily wounded, 81% to hit)
The zap hits the gnoll sergeant.
The gnoll sergeant is severely wounded.
The gnoll sergeant hits you with a +0 spear!
You take 8 damage, and have 22/46 hp.
You now have 0/10 mp.
You hit the gnoll sergeant but do no damage.
The gnoll sergeant is poisoned.
The gnoll sergeant is severely wounded.
The gnoll sergeant hits you with a +0 spear!
* * * LOW HITPOINT WARNING * * *
You take 14 damage, and have 8/46 hp.
MASSIVE DAMAGE!!
The gnoll sergeant blocks your attack.
The gnoll sergeant is severely wounded.
The gnoll sergeant misses you.
You hit the gnoll sergeant but do no damage.
The gnoll sergeant looks as sick as possible!
The gnoll sergeant is almost dead.
The gnoll sergeant hits you with a +0 spear!
You die...

#.....####.......#.###.#.# #
####..÷.....##.).....#.#.# #
#÷#..##.#...#.......#.####
######.#...#...##.............#
...............##..........##.#
###....##.........#..#.#......#
###.##.....................##.#
....##...............#.#......#
................@g.........##.#
....##.#####.#.###.#.......##.#
....##.......#.# #............#
....##########.# #.#..##..###.#
....# #######.# #.#>.........#
....# #.......#####.##..####.#
....# #.†####.##....#.....##.#
....# #..# #.....#>.#.#####.#
##### #.)#####..≈≈≈≈.≈≈≈≈..g.#


You could see a gnoll sergeant (extremely poisoned).

Vanquished Creatures
  An ogre (D:4)
  A centaur (D:3)
  A phantom (D:4)
  Natasha (thrice) (D:2)
  4 gnolls
  9 adders
  An adder skeleton (D:4)
  6 worms
  3 dart slugs
  5 orcs (D:3)
  2 ball pythons
  6 bats
  4 endoplasms
  3 giant cockroaches
  9 hobgoblins
  7 jackals
  6 kobolds
  5 quokkas
  5 frilled lizards
  7 goblins
  9 rats
97 creatures vanquished.

Notes
Turn   | Place    | Note
-------+----------+-------------------------------------------
     0 | D:1      | jasper the Demonspawn Air Elementalist began the quest for
                  | the Orb.
     0 | D:1      | Reached XP level 1. HP: 13/13 MP: 3/3
     6 | D:1      | Noticed a redback
     6 | D:1      | Noticed a komodo dragon
     7 | D:1      | Noticed a black mamba
     7 | D:1      | Noticed a polar bear
   321 | D:1      | Found a faded altar of an unknown god.
   364 | D:1      | Gained mutation: You regenerate magic rapidly. [demonic
                  | ancestry]
   364 | D:1      | Reached XP level 2. HP: 16/19 MP: 0/5
   401 | D:1      | Learned a level 2 spell: Static Discharge
   897 | D:1      | Found Toemal's Antique Weapon Shop.
   959 | D:1      | Reached XP level 3. HP: 19/24 MP: 1/6
   963 | D:1      | Learned a level 3 spell: Swiftness
  1928 | D:2      | Noticed Natasha
  1932 | D:2      | Killed Natasha
  1933 | D:2      | Reached XP level 4. HP: 24/30 MP: 3/7
  2330 | D:2      | Noticed Natasha
  2360 | D:2      | Killed Natasha
  2686 | D:2      | Reached XP level 5. HP: 30/35 MP: 3/8
  2808 | D:2      | Learned a level 1 spell: Animate Skeleton
  2810 | D:2      | Learned a level 1 spell: Apportation
  3213 | D:2      | Noticed Natasha
  3220 | D:2      | Killed Natasha
  3583 | D:3      | Noticed a centaur
  3592 | D:3      | Killed a centaur
  3593 | D:3      | Gained mutation: When hurt, damage is shared between your
                  | health and your magic reserves. [demonic ancestry]
  3593 | D:3      | Reached XP level 6. HP: 21/41 MP: 4/9
  4480 | D:4      | Reached skill level 5 in Air Magic
  4649 | D:4      | Reached skill level 5 in Conjurations
  4752 | D:4      | Identified the +12 dagger of the Sky {holy, *Slow rF++
                  | rCorr MP+9}
  4987 | D:4      | Gained mutation: You are partially covered in thin metallic
                  | scales. (AC +2) [demonic ancestry]
  4987 | D:4      | Reached XP level 7. HP: 29/46 MP: 4/10
  5311 | D:4      | Slain by a gnoll sergeant

Illustrated notes

Levels and vault maps discovered:
D:1:      onia_arrival_zoo_common, layout_basic,
          shapermc_ecumenical_altar_pompeii, serial_shops,
          nicolae_lakefront_shop, kennysheep_flooded_box
D:2:      layout_basic, minmay_diced_spiral, uniq_natasha
D:3:      layout_rooms, serial_rivers, chequers_serial_rivers_micro_a,
          chequers_serial_rivers_micro_d, chequers_serial_rivers_micro_b,
          chequers_serial_rivers_micro_b, supply_closet_lemuel,
          minmay_misc_feat_enclosed, corner_web_ring
D:4:      layout_basic, lightli_minifort

Skill      XL: |  1  2  3  4  5  6 |
---------------+-------------------+-----
Air Magic      | 3 4 5 |  5.5
Conjurations   | 2 3 4 5 |  5.2
Dodging        | |  1.7
Stealth        | |  1.7
Spellcasting   | |  2.0

Action                   |  1- 3 |  4- 6 |  7- 9 || total
-------------------------+-------+-------+-------++-------
Melee: Club              |     6 |       |       ||     6
       Dagger            |    11 |     7 |     3 ||    21
 Cast: Shock             |    76 |   140 |     9 ||   225
       Static Discharge  |     2 |    12 |     2 ||    16
  Use: Scroll            |     4 |     5 |       ||     9
Armor: Robe              |    12 |     3 |       ||    15
Dodge: Dodged            |    23 |    27 |     4 ||    54

Table legend: (Time is in decaauts)
 A = Elapsed time spent in this place.
 B = Non-inter-level travel time spent in this place.
 C = Inter-level travel time spent in this place.
 D = Time resting spent in this place.
 E = Time spent auto-exploring this place.
 F = Levels seen in this place.
 G = Mean time per level.
                   A        B        C        D        E       F      G
               +--------+--------+--------+--------+--------+-----+--------+
         Total |   5335 |   5179 |    156 |   1703 |   2774 |   4 | 1333.8 |
       Dungeon |   5335 |   5179 |    156 |   1703 |   2774 |   4 | 1333.8 |
               +--------+--------+--------+--------+--------+-----+--------+

Top non-repeatable levels by time:
     D:2: 1811 daAuts
     D:1: 1723 daAuts
     D:3: 1001 daAuts
     D:4: 799 daAuts
